 Dungeon Crawl Stone Soup version 0.30-a0-1163-gf69bf04e7a (webtiles) character file.

Game seed: 10476644111980817362

814 lunkers the Arsonist (level 8, -4/57 HPs)
             Began as a Meteoran Fire Elementalist on Apr 27, 2023.
             Splashed by a jelly's acid (8 damage)
             ... on level 6 of the Dungeon on Apr 28, 2023.
             The game lasted 00:10:34 (1863 turns).

lunkers the Arsonist (Meteoran Fire Elementalist)   Turns: 1863, Time: 00:10:35

Health: -4/57      AC: -6    Str: 10    XL:     8   Next: 38%
Magic:  1/17       EV: 12    Int: 18    God:
Gold:   236        SH:  0    Dex: 15    Spells: 3/18 levels left

rFire   . . .        a - +2 dagger (venom)
rCold   . . .        (no shield)
rNeg    . . .        t - +0 robe
rPois   .            (no helmet)
rElec   .            (no cloak)
rCorr   .            (no gloves)
SInv    .            (no boots)
Will    ++...        (no amulet)
Stlth   +            g - ring of flight
HPRegen 0.29/turn    p - ring of willpower
MPRegen 0.15/turn

%: no passive effects
@: corroded, flying, glowing
A: sense surroundings 1, otherworldly, glowing, explore regen
a: no special abilities


You were on level 6 of the Dungeon.
You visited 1 branch of the dungeon, and saw 6 of its levels.

You collected 236 gold pieces.

Inventory:

Hand Weapons
 a - a +2 dagger of venom (weapon)
 k - a +1 dagger of pain
 u - a +3 short sword
 w - a +2 dagger of speed
 z - a +2 short sword of venom
Armour
 t - a +0 robe (worn)
Jewellery
 g - a ring of flight (left hand)
 p - a ring of willpower (right hand)
Wands
 y - a wand of digging (4)
 A - a wand of roots (5)
Scrolls
 d - 2 scrolls of enchant armour {unknown}
 f - 5 scrolls of identify
 h - a scroll of blinking {unknown}
 i - a scroll of silence {unknown}
 j - a scroll of magic mapping
 n - a scroll of enchant weapon {unknown}
 o - 7 scrolls of teleportation {unknown}
 q - a scroll of fog {unknown}
 r - a scroll of immolation {unknown}
 B - a scroll of poison {unknown}
Potions
 b - 4 potions of magic
 c - 2 potions of heal wounds
 e - a potion of haste
 l - a potion of flight
 m - 3 potions of invisibility
 v - 2 potions of mutation
 x - a potion of berserk rage


   Skills:
 - Level 2.4 Dodging
 - Level 1.4 Stealth
 + Level 5.7 Spellcasting
 + Level 5.2 Conjurations
 * Level 8.2 Fire Magic


You had 3 spell levels left.
You knew the following spells:

 Your Spells              Type           Power      Damage    Failure   Level
a - Foxfire               Conj/Fire      100%       2x1d9     1%          1
b - Scorch                Fire           68%        2d8       1%          2
c - Flame Wave            Conj/Fire      29%        2d9       8%          4
d - Volatile Blastmotes   Fire/Tloc      38%        2d13      7%          3
e - Fireball              Conj/Fire      14%        3d8       22%         5

Your spell library contained the following spells:

 Spells                   Type           Power      Damage    Failure   Level
 Magic Dart               Conj           92%        1d7       1%          1
 Searing Ray              Conj           46%        2d6       2%          2
 Inner Flame              Hex/Fire       19%        N/A       7%          3
 Necrotise                Necr           20%        1d5       12%         1
 Summon Small Mammal      Summ           20%        N/A       12%         1
 Ensorcelled Hibernation  Hex/Ice        10%        N/A       19%         2
 Passwall                 Tmut/Erth      4%         N/A       19%         2
 Call Canine Familiar     Summ           5%         N/A       36%         3
 Summon Guardian Golem    Hex/Summ       5%         N/A       36%         3
 Swiftness                Air            5%         N/A       36%         3
 Vampiric Draining        Necr           5%         2d6       36%         3
 Fulminant Prism          Conj/Hex       7%         3d7       38%         4
 Starburst                Conj/Fire      14%        6d6       77%         6
 Agony                    Necr           5%         N/A       98%         5
 Plasma Beam              Fire/Air       9%         2x1d22    98%         6
 Orb of Destruction       Conj           11%        9d6       100%        7
 Spellforged Servitor     Conj/Summ      7%         N/A       100%        7


Dungeon Overview and Level Annotations

Branches:
Dungeon (6/15) Zot: 1740
 Temple: D:4-7

Altars:
Dithmenos
Yredelemnul

Shops:
D:4 (!(


Innate Abilities, Weirdness & Mutations

You passively map a small area around you.
You are easily found by Zot.
You glow in the dark.
You regain HP and MP as you explore.


Message History

Casting: Scorch (safe; 1% risk of failure)
Confirm with . or Enter, or press ? or * to list all spells.
Flames lash the kobold.
You kill the kobold!
* * * LOW MAGIC WARNING * * *
The scorpion completely misses you. The scorpion stings you.
* * * LOW HITPOINT WARNING * * *
You are lethally poisoned!
The scorpion poisons you!
You feel better. The scorpion misses you.
Casting: Scorch (safe; 1% risk of failure)
Confirm with . or Enter, or press ? or * to list all spells.
Flames lash the jelly.
The jelly is almost dead.
The jelly's fire resistance burns away.
* * * LOW MAGIC WARNING * * *
The scorpion barely misses you.
Unknown command.
Aiming: Fastroot
Press: ? - help, Shift-Dir - straight line, f - scorpion
Aim: a scorpion (severely wounded)
The roots erupt in riotous growth!
Roots grab the scorpion.
The jelly is unaffected.
The grasping roots constrict the scorpion.
You kill the scorpion!
Unknown command.
Casting: Foxfire (safe; 1% risk of failure)
Press: ? - help, Q - select action, (/) - cycle Dir - look around, f - activate You conjure some foxfire!
* * * LOW MAGIC WARNING * * *
The jelly hits you.
* * * LOW HITPOINT WARNING * * *
The acid corrodes you!
You are splashed with acid!
* * * LOW HITPOINT WARNING * * *
Unknown command.
The jelly attacks as you move away! The jelly hits you.
* * * LOW HITPOINT WARNING * * *
The acid corrodes you!
You are splashed with acid!
You die...

* .................
##+##.........)....# , ,
##...##......).)...## ,
##.....##......)......
##.#...#.##..))....####
##.8.8.8.8.###.#.####
###...........##.#...
#.'...........'vJ###.###
#.#...........#v@.......
#.##.8.8.8.8.###.####...
#.###.#...#.## #.# #.. *
#...##.....## #.# * * #.
.....##...## ,,.<. , , ,
......##+##* *###** ,
###.#.# * , *.#.# , *
.#,#


You could see a jelly (combustible, ally target).

Vanquished Creatures
  Grinder (D:4)
  An ice beast (D:5)
  An ogre (D:5)
  A kobold brigand (D:6)
  A scorpion (D:6)
  A jelly (D:4)
  An iguana (D:4)
  2 orc wizards (D:3)
  3 gnolls (D:3)
  8 adders
  3 worms
  5 orcs
  7 bats
  5 endoplasms
  3 giant cockroaches
  7 goblins
  7 hobgoblins
  4 jackals
  4 quokkas
  5 ball pythons
  7 frilled lizards
  14 kobolds
  4 rats
95 creatures vanquished.

Vanquished Creatures (others)
  130 foxfires
  15 fungi (D:5)
  17 plants
162 creatures vanquished.

Grand Total: 257 creatures vanquished

Notes
Turn   | Place    | Note
-------+----------+-------------------------------------------
     0 | D:1      | lunkers the Meteoran Fire Elementalist began the quest for
                  | the Orb.
     0 | D:1      | Reached XP level 1. HP: 14/14 MP: 5/5
    66 | D:1      | Reached XP level 2. HP: 19/20 MP: 0/6
   115 | D:1      | Reached skill level 4 in Fire Magic
   135 | D:1      | Learned a level 2 spell: Scorch
   268 | D:1      | Reached XP level 3. HP: 26/26 MP: 3/8
   425 | D:2      | Reached XP level 4. HP: 14/33 MP: 0/9
   862 | D:3      | Reached skill level 5 in Fire Magic
   867 | D:3      | Reached XP level 5. HP: 38/38 MP: 6/11
  1045 | D:3      | Reached XP level 6. HP: 29/45 MP: 1/13
  1083 | D:3      | Found a shadowy altar of Dithmenos.
  1085 | D:3      | Upgraded the game from 0.30-a0-1161-g0704695555 to
                  | 0.30-a0-1163-gf69bf04e7a
  1089 | D:3      | Found a basalt altar of Yredelemnul.
  1242 | D:4      | Found Amnur's Antique Weapon Shoppe.
  1242 | D:4      | Found Edghongir's Distillery.
  1242 | D:4      | Found Ferayck's Weapon Shoppe.
  1315 | D:4      | Reached skill level 6 in Fire Magic
  1348 | D:4      | Noticed Grinder
  1356 | D:4      | Paralysed by Grinder for 5 turns
  1361 | D:4      | Killed Grinder
  1362 | D:4      | Reached XP level 7. HP: 50/50 MP: 3/15
  1375 | D:4      | Reached skill level 7 in Fire Magic
  1408 | D:4      | Reached skill level 5 in Spellcasting
  1480 | D:5      | Entered Level 5 of the Dungeon
  1745 | D:5      | Reached XP level 8. HP: 57/57 MP: 2/17
  1762 | D:5      | Learned a level 4 spell: Flame Wave
  1766 | D:5      | Learned a level 3 spell: Volatile Blastmotes
  1800 | D:5      | Learned a level 5 spell: Fireball
  1854 | D:6      | Reached skill level 5 in Conjurations
  1854 | D:6      | Reached skill level 8 in Fire Magic
  1863 | D:6      | Splashed by a jelly's acid

Illustrated notes

Levels and vault maps discovered:
D:1:      roderic_dead_forest, layout_basic, nicolae_kite_square_tiling_tiny
D:2:      layout_basic, serial_shops, nicolae_square_shop, grunt_ministairs_9,
          chequers_big_river, minmay_joined_circles
D:3:      layout_basic, nicolae_dithmenos_shadow_blocks,
          mainiacjoe_overflow_cross_hatched, kennysheep_generic_room_4
D:4:      layout_rooms, minmay_temple_entry_fiery,
          nicolae_shop_distant_corner_stores, uniq_grinder
D:5:      lemuel_ice_spiral_2, layout_basic, serial_aquarium,
          aquarium_bridge_long_separate [aquarium_subvault_bridge,
          aquarium_subvault_wall, aquarium_subvault_bridge,
          aquarium_subvault_bridge, aquarium_subvault_bridge,
          aquarium_subvault_bridge], aquarium_window_1, aquarium_window_1,
          aquarium_view_2f, aquarium_balcony_3b, aquarium_pool_S,
          amcnicky_mini_rare_corridor_liquid
D:6:      layout_basic, dk_noncrumbling_3

Skill      XL: |  1  2  3  4  5  6  7  8 |
---------------+-------------------------+-----
Fire Magic     | 4 5 6 7 8 |  8.2
Spellcasting   | 3 4 5 |  5.7
Conjurations   | 2 3 4 5 |  5.2
Dodging        | |  2.4
Stealth        | |  1.4

Action                     |  1- 3 |  4- 6 |  7- 9 || total
---------------------------+-------+-------+-------++-------
  Melee: Unarmed           |     6 |       |       ||     6
         Dagger            |     9 |    24 |     3 ||    36
   Cast: Foxfire           |    45 |    24 |    10 ||    79
         Scorch            |     1 |    41 |    28 ||    70
  Evoke: Wand              |       |       |     1 ||     1
    Use: Scroll            |       |     5 |     2 ||     7
         Potion            |       |     1 |     2 ||     3
 Armour: Robe              |     7 |    12 |     3 ||    22
  Dodge: Dodged            |    11 |    34 |    22 ||    67

Table legend: (Time is in decaauts)
 A = Elapsed time spent in this place.
 B = Non-inter-level travel time spent in this place.
 C = Inter-level travel time spent in this place.
 D = Time resting spent in this place.
 E = Time spent auto-exploring this place.
 F = Levels seen in this place.
 G = Mean time per level.
                   A        B        C        D        E       F      G
               +--------+--------+--------+--------+--------+-----+--------+
         Total |   1860 |   1841 |     19 |      0 |    943 |   6 |  310.0 |
       Dungeon |   1860 |   1841 |     19 |      0 |    943 |   6 |  310.0 |
               +--------+--------+--------+--------+--------+-----+--------+

Top non-repeatable levels by time:
     D:3: 525 daAuts
     D:2: 473 daAuts
     D:5: 320 daAuts
     D:1: 286 daAuts
     D:4: 192 daAuts
     D:6: 61 daAuts
